 Dungeon Crawl Stone Soup version 0.27-a0-1196-g3e9cee4 (webtiles) character file.

Game seed: 14538423903156015616

42 Meow the Stinger (level 3, 10/28 HPs)
             Began as a Naga Venom Mage on May 27, 2021.
             Quit the game on level 3 of the Dungeon.
             The game lasted 00:02:14 (969 turns).

Meow the Stinger (Naga Venom Mage)                   Turns: 969, Time: 00:02:15

Health: 10/28      AC:  3    Str: 10    XL:     3   Next: 56%
Magic:  1/7        EV:  9    Int: 16    God:
Gold:   50         SH:  0    Dex: 11    Spells: 6/7 levels left

rFire    . . .     SeeInvis +   a - +0 dagger (venom)
rCold    . . .     Faith    .   (no shield)
rNeg     . . .     Spirit   .   g - +0 robe
rPois    +         Reflect  .   e - +0 helmet
rElec    .         Harm     .   (no cloak)
rCorr    .         Rampage  .   (no gloves)
Will     .....                  (no barding)
Stlth    ++........             (no amulet)
HPRegen  0.09/turn              (no ring)
MPRegen  0.10/turn              (no ring)

@: very slightly contaminated, very slow
A: AC +1, large, see invisible, deformed body, poison resistance, slowness 2,
spit poison 1, naga tail 1
a: Spit Poison


You were on level 3 of the Dungeon.
You visited 1 branch of the dungeon, and saw 3 of its levels.

You collected 50 gold pieces.

Inventory:

Hand Weapons
 a - a +0 dagger of venom (weapon)
Missiles
 c - 70 stones (quivered)
 f - 9 javelins
Armour
 e - a +0 helmet (worn)
 g - a +0 robe (worn)
Scrolls
 d - a scroll of enchant armour {unknown}
 h - a scroll of fear {unknown}
 j - a scroll of teleportation {unknown}
 k - a scroll of acquirement {unknown}
Potions
 b - a potion of curing {unknown}
 i - a potion of heal wounds {unknown}
 l - a potion of mutation {unknown}


   Skills:
 - Level 1.5 Dodging
 + Level 3.9 Stealth
 * Level 2.9 Spellcasting
 + Level 1.2 Conjurations
 - Level 1.0 Transmutations
 - Level 4.0 Poison Magic


You had 6 spell levels left.
You knew the following spells:

 Your Spells              Type           Power      Damage    Failure   Level
a - Sting                 Tmut/Pois      40%        1d5       7%          1

Your spell library contained the following spells:

 Spells                   Type           Power      Damage    Failure   Level
 Magic Dart               Conj           24%        1d4       11%         1
 Poisonous Vapours        Pois/Air       16%        N/A       13%         2
 Corona                   Hex            2%         N/A       19%         1
 Mephitic Cloud           Conj/Pois/Air  8%         N/A       26%         3
 Blink                    Tloc           N/A        N/A       28%         2
 Call Imp                 Summ           2%         N/A       28%         2
 Ensorcelled Hibernation  Hex/Ice        4%         N/A       28%         2
 Slow                     Hex            2%         N/A       28%         2
 Ignite Poison            Fire/Tmut/Pois 7%         N/A       28%         3
 Olgreb's Toxic Radiance  Pois           15%        N/A       34%         4
 Conjure Flame            Conj/Fire      4%         6-21      41%         3
 Dazzling Flash           Conj/Hex       8%         N/A       41%         3
 Confusing Touch          Hex            2%         N/A       50%         3
 Tukima's Dance           Hex            2%         N/A       50%         3


Dungeon Overview and Level Annotations

Branches:
Dungeon (3/15)

Altars:

Annotations:
D:2 Sigmund


Innate Abilities, Weirdness & Mutations

Your serpentine skin is tough. (AC +1)
You have supernaturally acute eyesight. (SInv)
Armour fits poorly on your strangely shaped body.
Your system is resistant to poisons. (rPois)
You cover ground very slowly.
You can spit poison.
You have a snake-like lower body.


Message History

The sting hits the hound.
The hound looks even sicker.
The hound is heavily wounded.
You have got your breath back.
The hound bites you.
Press: ? - help, Shift-Dir - straight line, f/p - hound
Aim: a hound (severely wounded, very poisoned)
The splash of poison misses the hound.
The hound bites you.
Unknown command.
Okay, then.
Unknown command.
Unknown command.
Casting: Sting (safe; 8% risk of failure)
Confirm with . or Enter, or press ? or * to list all spells.
Aiming: Sting (safe; 8% risk of failure)
Press: ? - help, Shift-Dir - straight line, f/p - hound
Aim: a hound (severely wounded, very poisoned, 56% to hit)
The sting hits the hound.
The hound looks even sicker.
The hound is severely wounded.
The hound bites you. x2
Unknown command.
Unknown command.
Unknown command.
Unknown command.
Casting: Sting (safe; 8% risk of failure)
Confirm with . or Enter, or press ? or * to list all spells.
Aiming: Sting (safe; 8% risk of failure)
Press: ? - help, Shift-Dir - straight line, f/p - hound
Aim: a hound (almost dead, very poisoned, 56% to hit)
The sting hits the hound but does no damage.
The hound looks as sick as possible!
The hound is almost dead.
You have got your breath back.
You kill the hound!
Your Conjurations skill increases to level 1!
You have reached level 3!
Your experience leads to an increase in your attributes!
Increase (S)trength, (I)ntelligence, or (D)exterity?
You feel clever.
Your skin feels tougher.
Okay, then.
Are you sure you want to abandon this character and quit the game? (Confirm with "yes".)

+####
##############......
#...........@.......
##.##########†......
#.# ..#....... #.#
######.#....... #.#
#....#.#....#+#
#.#.#.##.#.#....+
#.#.......<#....#
#.###.#....#<#.##
#.# #........#


There were no monsters in sight!

Vanquished Creatures
  A hound (D:3)
  A bat (D:1)
  3 giant cockroaches (D:1)
  2 hobgoblins (D:1)
  2 ball pythons
  A goblin (D:1)
  2 kobolds (D:1)
12 creatures vanquished.

Notes
Turn   | Place    | Note
-------+----------+-------------------------------------------
     0 | D:1      | Meow the Naga Venom Mage began the quest for the Orb.
     0 | D:1      | Reached XP level 1. HP: 15/15 MP: 3/3
   493 | D:1      | Reached XP level 2. HP: 22/22 MP: 5/5
   919 | D:2      | Noticed Sigmund
   969 | D:3      | Reached skill level 1 in Conjurations
   969 | D:3      | Reached XP level 3. HP: 10/28 MP: 1/7
   969 | D:3      | Quit the game

Illustrated notes

Levels and vault maps discovered:
D:1:      dpeg_arrival_snail, layout_loops_corners, solitary_fountain
D:2:      layout_basic, basic_ecumenical_altar, minmay_puff, uniq_robin,
          uniq_sigmund
D:3:      gammafunk_steamed_eel, layout_basic, serial_shops,
          nicolae_shop_behind_doors, uniq_ijyb

Skill      XL: |  1  2 |
---------------+-------+-----
Conjurations   | 1 |  1.2
Dodging        | |  1.5
Stealth        | |  3.9
Spellcasting   | |  2.9
Transmutations | |  1.0
Poison Magic   | |  4.0

Action                   || total
-------------------------++-------
Throw: Stone             ||     8
 Cast: Sting             ||     4
 Abil: Spit Poison       ||    13
Armor: Robe              ||     1
Dodge: Dodged            ||     1

Table legend: (Time is in decaauts)
 A = Elapsed time spent in this place.
 B = Non-inter-level travel time spent in this place.
 C = Inter-level travel time spent in this place.
 D = Time resting spent in this place.
 E = Time spent auto-exploring this place.
 F = Levels seen in this place.
 G = Mean time per level.
                   A        B        C        D        E       F      G
               +--------+--------+--------+--------+--------+-----+--------+
         Total |   1320 |   1281 |     39 |     11 |   1132 |   3 |  440.0 |
       Dungeon |   1320 |   1281 |     39 |     11 |   1132 |   3 |  440.0 |
               +--------+--------+--------+--------+--------+-----+--------+

Top non-repeatable levels by time:
     D:1: 1170 daAuts
     D:2: 90 daAuts
     D:3: 59 daAuts
